MID
FORT WAYNE TINCAPS @ WEST VIRGINIA POWER
10/01/2044
 
TOP OF THE 1ST
Fort Wayne TinCaps batting - Pitching for West Virginia Power : RHP Josh Markham
Pitching: RHP Josh Markham
Batting: SHB Adam Martin 0-0: Ball
1-0: Ball
2-0: Ball
3-0: Called Strike
3-1: Swinging Strike
3-2: Foul Ball, location: 2F
3-2: DOUBLE (Groundball, 5L, EV 106.9 MPH)
Batting: RHB Rodolfo Rivera 0-0: Ball
1-0: Foul Ball, location: 2F
1-1: Called Strike
1-2: Strikes out swinging
Batting: LHB James Sousa 0-0: Ball
1-0: Foul Ball, location: 2F
1-1: Ball
2-1: Swinging Strike
2-2: Ball
3-2: Base on Balls
Batting: RHB Juan Martinez 0-0: Foul Ball, location: 2F
0-1: Ball
1-1: Swinging Strike
1-2: Foul Ball, location: 2F
1-2: Ball
2-2: Foul Ball, location: 2F
2-2: Foul Ball, location: 2F
2-2: Ball
3-2: Base on Balls
Adam Martin to third
James Sousa to second
Batting: LHB Angel Mejia 0-0: Foul Ball, location: 2F
0-1: Called Strike
0-2: SINGLE (Groundball, 34S, EV 66.2 MPH) (infield hit)
Adam Martin scores
James Sousa to third
Juan Martinez to second
Batting: SHB Yutaro Takahashi 0-0: Ball
1-0: Ball
2-0: Called Strike
2-1: Ball
3-1: Ground out 4-3 (Groundball, 34D, EV 104.4 MPH)
James Sousa scores
Juan Martinez to third
Angel Mejia to second
Batting: RHB Davey Verhoog 0-0: Reached on error, E1 (Groundball, 15S, EV 72.5 MPH)
Juan Martinez scores
Angel Mejia to third
Batting: SHB Josh Parker 0-0: Ball
1-0: Fly out, F9 (Flyball, 9D, EV 88.8 MPH)
Top of the 1st over - 3 runs, 2 hits, 1 error, 2 left on base; Fort Wayne 3 - West Virginia 0
BOTTOM OF THE 1ST
West Virginia Power batting - Pitching for Fort Wayne TinCaps : LHP Luis Sanchez
Pitching: LHP Luis Sanchez
Batting: RHB Ron Corn 0-0: Ball
1-0: SINGLE (Flyball, 4D, EV 88.1 MPH)
Batting: LHB Micah Boshnjaku 0-0: Called Strike
0-1: Ball
1-1: Ball
2-1: Foul Ball, location: 2F
2-2: Ball
3-2: Foul Ball, location: 2F
3-2: Fly out, F8 (Flyball, 78D, EV 88.8 MPH)
Batting: SHB Francisco Gutierrez 0-0: Called Strike
0-1: DOUBLE (Groundball, 5L, EV 94.4 MPH)
Ron Corn to third
Runner from 3rd tries for Home, throw by LF and OUT! 7-2
Francisco Gutierrez to third
Batting: RHB Tom Primmer 0-0: Swinging Strike
0-1: Foul Ball, location: 2F
0-2: Ball
Wild Pitch!
Francisco Gutierrez scores
1-2: Ground out 2-3 (Groundball, 13S, EV 67.5 MPH)
Bottom of the 1st over - 1 run, 2 hits, 0 errors, 0 left on base; Fort Wayne 3 - West Virginia 1
TOP OF THE 2ND
Fort Wayne TinCaps batting - Pitching for West Virginia Power : RHP Josh Markham
Batting: RHB Brian Burd 0-0: Called Strike
0-1: Ball
1-1: Ground out 3-1 (Groundball, 34S, EV 79.4 MPH)
Batting: SHB Adam Martin 0-0: Called Strike
0-1: Ground out 6-3 (Groundball, 6MS, EV 81.9 MPH)
Batting: RHB Rodolfo Rivera 0-0: Ball
1-0: Ball
2-0: SINGLE (Groundball, 56D, EV 101.2 MPH)
Batting: LHB James Sousa 0-0: Called Strike
0-1: Called Strike
0-2: Ball
Rodolfo Rivera steals 2nd base
1-2: Ground out U3 (Groundball, 3S, EV 84.4 MPH)
Top of the 2nd over - 0 runs, 1 hit, 0 errors, 1 left on base; Fort Wayne 3 - West Virginia 1
BOTTOM OF THE 2ND
West Virginia Power batting - Pitching for Fort Wayne TinCaps : LHP Luis Sanchez
Batting: RHB Jordan Robinson 0-0: Called Strike
0-1: Ball
1-1: Swinging Strike
1-2: Ball
2-2: Ball
3-2: Ground out 6-3 (Groundball, 6, EV 90.0 MPH)
Batting: SHB Brad Day 0-0: Foul Ball, location: 2F
0-1: Foul Ball, location: 2F
0-2: Foul Ball, location: 2F
0-2: Strikes out swinging
Batting: RHB Dennis Coppolino 0-0: Swinging Strike
0-1: Foul Ball, location: 2F
0-2: Foul Ball, location: 2F
0-2: Ball
1-2: Strikes out swinging
Bottom of the 2nd over - 0 runs, 0 hits, 0 errors, 0 left on base; Fort Wayne 3 - West Virginia 1
TOP OF THE 3RD
Fort Wayne TinCaps batting - Pitching for West Virginia Power : RHP Josh Markham
Batting: RHB Juan Martinez 0-0: Fly out, F6 (Flyball, 56D, EV 84.4 MPH)
Batting: LHB Angel Mejia 0-0: Ball
1-0: Ball
2-0: Swinging Strike
2-1: Ball
3-1: Base on Balls
Batting: SHB Yutaro Takahashi 0-0: Ball
Angel Mejia steals 2nd base
1-0: Called Strike
1-1: Ball
2-1: Ball
Angel Mejia is caught stealing 3rd base 2-5
3-1: Foul Ball, location: 2F
3-2: Strikes out swinging
Top of the 3rd over - 0 runs, 0 hits, 0 errors, 0 left on base; Fort Wayne 3 - West Virginia 1
BOTTOM OF THE 3RD
West Virginia Power batting - Pitching for Fort Wayne TinCaps : LHP Luis Sanchez
Batting: RHB Ted Goldblatt 0-0: Called Strike
0-1: Called Strike
0-2: Strikes out swinging
Batting: RHB Pleun Smit 0-0: Ball
1-0: Fly out, F2 (Popup, 23F, EV 86.2 MPH)
Batting: RHB Ron Corn 0-0: Ball
1-0: Foul Ball, location: 2F
1-1: Called Strike
1-2: Foul Ball, location: 2F
1-2: Ball
2-2: Fly out, F7 (Flyball, 7, EV 95.0 MPH)
Bottom of the 3rd over - 0 runs, 0 hits, 0 errors, 0 left on base; Fort Wayne 3 - West Virginia 1
TOP OF THE 4TH
Fort Wayne TinCaps batting - Pitching for West Virginia Power : RHP Josh Markham
Batting: RHB Davey Verhoog 0-0: Ground out 5-3 (Groundball, 56S, EV 68.1 MPH)
Batting: SHB Josh Parker 0-0: Called Strike
0-1: Ball
1-1: Foul Ball, location: 2F
1-2: Foul Ball, location: 2F
1-2: Strikes out looking
Batting: RHB Brian Burd 0-0: Called Strike
0-1: Called Strike
0-2: Ball
1-2: Strikes out looking
Top of the 4th over - 0 runs, 0 hits, 0 errors, 0 left on base; Fort Wayne 3 - West Virginia 1
BOTTOM OF THE 4TH
West Virginia Power batting - Pitching for Fort Wayne TinCaps : LHP Luis Sanchez
Batting: LHB Micah Boshnjaku 0-0: Called Strike
0-1: Foul Ball, location: 2F
0-2: Strikes out looking
Batting: SHB Francisco Gutierrez 0-0: Ball
1-0: Called Strike
1-1: Foul Ball, location: 2F
1-2: Ball
2-2: DOUBLE (Line Drive, 89M, EV 106.2 MPH)
Batting: RHB Tom Primmer 0-0: Ground out 5-3 (Groundball, 56, EV 89.4 MPH)
Batting: RHB Jordan Robinson 0-0: Called Strike
0-1: Foul Ball, location: 2F
0-2: Strikes out swinging
Bottom of the 4th over - 0 runs, 1 hit, 0 errors, 1 left on base; Fort Wayne 3 - West Virginia 1
TOP OF THE 5TH
Fort Wayne TinCaps batting - Pitching for West Virginia Power : RHP Josh Markham
Batting: SHB Adam Martin 0-0: Called Strike
0-1: Foul Ball, location: 2F
0-2: Ground out 4-3 (Groundball, 34D, EV 78.1 MPH)
Batting: RHB Rodolfo Rivera 0-0: Ball
1-0: Fly out, F7 (Flyball, 7S, EV 83.1 MPH)
Batting: LHB James Sousa 0-0: SINGLE (Line Drive, 7S, EV 98.8 MPH)
Batting: RHB Juan Martinez 0-0: Ball
1-0: Swinging Strike
1-1: Called Strike
1-2: Ball
2-2: SINGLE (Groundball, 6MD, EV 95.6 MPH)
James Sousa to second
Runner from 2nd tries for 3rd, SAFE, throw by CF made to third
Juan Martinez to second
Batting: LHB Angel Mejia 0-0: Called Strike
0-1: Foul Ball, location: 2F
0-2: Ball
1-2: Ball
2-2: SINGLE (Groundball, 25, EV 66.9 MPH) (infield hit)
James Sousa scores
Juan Martinez to third
Batting: SHB Yutaro Takahashi 0-0: Ball
1-0: Called Strike
1-1: Ball
2-1: Foul Ball, location: 2F
2-2: Strikes out swinging
Top of the 5th over - 1 run, 3 hits, 0 errors, 2 left on base; Fort Wayne 4 - West Virginia 1
BOTTOM OF THE 5TH
West Virginia Power batting - Pitching for Fort Wayne TinCaps : LHP Luis Sanchez
Batting: SHB Brad Day 0-0: Called Strike
0-1: Ball
1-1: Ball
2-1: Foul Ball, location: 2F
2-2: Ball
3-2: Fly out, F8 (Line Drive, 8RM, EV 105.6 MPH)
Batting: RHB Dennis Coppolino 0-0: Called Strike
0-1: Called Strike
0-2: Strikes out swinging
Batting: RHB Ted Goldblatt 0-0: Ball
1-0: Ball
2-0: Called Strike
2-1: Ball
3-1: Base on Balls
Batting: RHB Pleun Smit 0-0: Ball
1-0: Ball
2-0: Ball
3-0: Called Strike
3-1: Called Strike
3-2: Strikes out looking
Bottom of the 5th over - 0 runs, 0 hits, 0 errors, 1 left on base; Fort Wayne 4 - West Virginia 1
TOP OF THE 6TH
Fort Wayne TinCaps batting - Pitching for West Virginia Power : RHP Josh Markham
Batting: RHB Davey Verhoog 0-0: Called Strike
0-1: Foul Ball, location: 2F
0-2: Ball
1-2: SINGLE (Line Drive, 6MD, EV 94.4 MPH)
Pitching: RHP Adam Monge
Batting: SHB Josh Parker 0-0: Ball
1-0: Called Strike
1-1: Grounds into double play, 3-6-3 (Groundball, 3, EV 100.6 MPH)
Batting: RHB Brian Burd 0-0: Ball
1-0: Ball
2-0: SINGLE (Line Drive, 8RS, EV 105.0 MPH)
Batting: SHB Adam Martin 0-0: Called Strike
0-1: Ball
1-1: Fly out, F4 (Popup, 34D, EV 58.8 MPH)
Top of the 6th over - 0 runs, 2 hits, 0 errors, 1 left on base; Fort Wayne 4 - West Virginia 1
BOTTOM OF THE 6TH
West Virginia Power batting - Pitching for Fort Wayne TinCaps : LHP Luis Sanchez
Batting: RHB Ron Corn 0-0: Called Strike
0-1: Ball
1-1: Foul Ball, location: 2F
1-2: Ball
2-2: Ball
3-2: Ground out 6-3 (Groundball, 6M, EV 85.6 MPH)
Batting: LHB Micah Boshnjaku 0-0: Ball
1-0: Called Strike
1-1: Called Strike
1-2: Strikes out swinging
Batting: SHB Francisco Gutierrez 0-0: Ball
1-0: Fly out, F8 (Flyball, 8RD, EV 97.5 MPH)
Bottom of the 6th over - 0 runs, 0 hits, 0 errors, 0 left on base; Fort Wayne 4 - West Virginia 1
TOP OF THE 7TH
Fort Wayne TinCaps batting - Pitching for West Virginia Power : RHP Adam Monge
Batting: RHB Rodolfo Rivera 0-0: Called Strike
0-1: Ball
1-1: Swinging Strike
1-2: Strikes out swinging
Batting: LHB James Sousa 0-0: Ball
1-0: Ball
2-0: Ball
3-0: Called Strike
3-1: Called Strike
3-2: Base on Balls
Batting: RHB Juan Martinez 0-0: Swinging Strike
0-1: Ball
1-1: Ball
2-1: Fly out, F7 (Line Drive, 78M, EV 103.1 MPH)
Batting: LHB Angel Mejia 0-0: Called Strike
0-1: Foul Ball, location: 2F
0-2: Ball
1-2: Fly out, F8 (Flyball, 8LXD, EV 103.1 MPH)
Top of the 7th over - 0 runs, 0 hits, 0 errors, 1 left on base; Fort Wayne 4 - West Virginia 1
BOTTOM OF THE 7TH
West Virginia Power batting - Pitching for Fort Wayne TinCaps : LHP Luis Sanchez
Pitching: RHP Travis White
Batting: RHB Tom Primmer 0-0: Called Strike
0-1: Swinging Strike
0-2: Ball
1-2: Strikes out swinging
Batting: RHB Jordan Robinson 0-0: Ball
1-0: Ball
2-0: Called Strike
2-1: SOLO HOME RUN (Flyball, 7D, EV 98.8 MPH), Distance : 388 ft
Batting: SHB Brad Day 0-0: Ball
1-0: Ball
2-0: Called Strike
2-1: Foul Ball, location: 2F
2-2: Ball
3-2: Foul Ball, location: 2F
3-2: Foul Ball, location: 2F
3-2: Fly out, F9 (Flyball, 9LS, EV 95.0 MPH)
Batting: RHB Dennis Coppolino 0-0: Swinging Strike
0-1: Ball
1-1: Ball
2-1: Foul Ball, location: 2F
2-2: Ball
3-2: Foul Ball, location: 2F
3-2: Foul Ball, location: 2F
3-2: Foul Ball, location: 2F
3-2: Strikes out swinging
Bottom of the 7th over - 1 run, 1 hit, 0 errors, 0 left on base; Fort Wayne 4 - West Virginia 2
TOP OF THE 8TH
Fort Wayne TinCaps batting - Pitching for West Virginia Power : RHP Adam Monge
Pitching: RHP Joel Olausson
Batting: SHB Yutaro Takahashi 0-0: Called Strike
0-1: Foul Ball, location: 2F
0-2: Ball
1-2: Strikes out swinging
Batting: RHB Davey Verhoog 0-0: Called Strike
0-1: Ground out 6-3 (Groundball, 6, EV 101.2 MPH)
Batting: SHB Josh Parker 0-0: Fly out, F8 (Flyball, 8RD, EV 100.6 MPH)
Top of the 8th over - 0 runs, 0 hits, 0 errors, 0 left on base; Fort Wayne 4 - West Virginia 2
BOTTOM OF THE 8TH
West Virginia Power batting - Pitching for Fort Wayne TinCaps : RHP Travis White
Pitching: RHP Eddie Starks
Batting: RHB Ted Goldblatt 0-0: Fly out, F8 (Line Drive, 8RM, EV 91.2 MPH)
Pinch Hitting: LHB Justin Harris 0-0: Hit by Pitch
Batting: RHB Ron Corn 0-0: Ball
1-0: Called Strike
1-1: Swinging Strike
1-2: Strikes out swinging
Batting: LHB Micah Boshnjaku 0-0: Ball
1-0: Ball
2-0: Foul Ball, location: 2F
2-1: Fly out, F8 (Flyball, 8RXD, EV 95.6 MPH)
Bottom of the 8th over - 0 runs, 0 hits, 0 errors, 1 left on base; Fort Wayne 4 - West Virginia 2
TOP OF THE 9TH
Fort Wayne TinCaps batting - Pitching for West Virginia Power : RHP Joel Olausson
Now at 2B: Justin Harris
Now at SS: Francisco Gutierrez
Pinch Hitting: LHB Mike Schermerhorn 0-0: Ball
1-0: Called Strike
1-1: Ball
2-1: Ball
3-1: Foul Ball, location: 2F
3-2: Strikes out swinging, 2-3 out at first.
Batting: SHB Adam Martin 0-0: Called Strike
0-1: Ball
1-1: Ball
2-1: Ground out 6-3 (Groundball, 6M, EV 106.2 MPH)
Batting: RHB Rodolfo Rivera 0-0: Ball
1-0: Ball
2-0: Ball
3-0: Base on Balls
Batting: LHB James Sousa 0-0: Ball
1-0: Ball
Rodolfo Rivera steals 2nd base
2-0: Foul Ball, location: 2F
2-1: Ground out 4-3 (Groundball, 4, EV 84.4 MPH)
Top of the 9th over - 0 runs, 0 hits, 0 errors, 1 left on base; Fort Wayne 4 - West Virginia 2
BOTTOM OF THE 9TH
West Virginia Power batting - Pitching for Fort Wayne TinCaps : RHP Eddie Starks
Pitching: RHP Arturo Diaz
Now at 3B: Rich Justice
Batting: SHB Francisco Gutierrez 0-0: Called Strike
0-1: Foul Ball, location: 2F
0-2: Ball
1-2: Strikes out swinging
Batting: RHB Tom Primmer 0-0: Ball
1-0: Ball
2-0: Ball
3-0: Called Strike
3-1: Base on Balls
Batting: RHB Jordan Robinson 0-0: Called Strike
0-1: Ball
1-1: Fielders Choice at 2nd, 5-4 (Groundball, 56, EV 83.1 MPH)
Batting: SHB Brad Day 0-0: Called Strike
0-1: Fly out, F8 (Flyball, 8LD, EV 103.8 MPH)
Bottom of the 9th over - 0 runs, 0 hits, 0 errors, 1 left on base; Fort Wayne 4 - West Virginia 2
Thursday, March 31st , 2022 - OOTP Baseball 22.12 Build 89